[Event "34rd NATO Championship 2024"]
[Site "Rhodes"]
[Date "2024.10.22"]
[Round "2.20"]
[White "Jacob, Tobias"]
[Black "Skwarczynski, Marcin"]
[Result "1/2-1/2"]
[ECO "D46"]
[WhiteElo "2073"]
[BlackElo "1940"]
[Annotator "RC"]
[PlyCount "118"]
[EventDate "2024.09.18"]
[EventType "swiss"]
[EventCountry "GRE"]
[SourceTitle "playchess.com"]
[Source "ChessBase"]
[SourceQuality "1"]
[TimeControl "5400+30"]

1. d4 d5 2. c4 c6 3. Nf3 Nf6 4. e3 Nbd7 5. Bd3 e6 6. Nbd2 Bd6 7. O-O O-O 8. e4 dxe4 9. Nxe4 Nxe4 10. Bxe4 h6 11. b3 Qa5 12. Bb2 Rd8 13. Bc2 Qh5 14. Qd3 Nf8 15. Qe4 Bd7 16. h3 Be8 17. Rad1 f6 18. Qe3 Bg6 19. Bxg6 Qxg6 20. Nd2 Qf5 21. Ne4 Qf4 22. Qxf4 Bxf4 23. Ba3 b6 24. Rfe1 Kf7 25. g3 Bc7 26. Nc3 Bd6 27. Bb2 Rd7 28. Re3 Rad8 29. Red3 Bc7 30. Kg2 f5 31. f4 e5 32. fxe5 Bxe5 33. Ne2 Bc7 34. Kf3 g5 35. d5 Ng6 36. Kf2 cxd5 37. Rxd5 Rxd5 38. cxd5 h5 39. Bc1 g4 40. hxg4 fxg4 41. Bg5 Rd7 42. Nc3 Bd8 43. Be3 h4 44. gxh4 Bxh4+ 45. Kg2 Ne7 46. Rf1+ Kg6 47. Rf4 Nxd5 48. Nxd5 Rxd5 49. Rxg4+ Kh5 50. Rg7 Bf6 51. Rxa7 b5 52. Kf3 Kg6 53. Ke4 Rh5 54. Rd7 Bc3 55. a3 Bb2 56. Ra7 Re5+ 57. Kd3 Kf5 58. Rc7 Rd5+ 59. Kc2 Bxa3 1/2-1/2

[Event "34rd NATO Championship 2024"]
[Site "Rhodes"]
[Date "2024.10.22"]
[Round "2.21"]
[White "Alainis, Artis"]
[Black "Michalowski, Patryk"]
[Result "1/2-1/2"]
[ECO "B50"]
[WhiteElo "1937"]
[BlackElo "2054"]
[Annotator "RC"]
[PlyCount "86"]
[EventDate "2024.09.18"]
[EventType "swiss"]
[EventCountry "GRE"]
[SourceTitle "playchess.com"]
[Source "ChessBase"]
[SourceQuality "1"]
[TimeControl "5400+30"]

1. e4 c5 2. Nf3 e6 3. d3 Nc6 4. g3 Be7 5. Bg2 d6 6. O-O Nf6 7. Re1 O-O 8. c3 Bd7 9. Nbd2 Ne5 10. Bf1 Bc6 11. a4 Qc7 12. d4 Nxf3+ 13. Qxf3 cxd4 14. cxd4 Nxe4 15. Nxe4 f5 16. Qb3 fxe4 17. Qxe6+ Kh8 18. d5 Be8 19. Rxe4 Bf6 20. Bf4 Bf7 21. Qxd6 Qxd6 22. Bxd6 Bxd5 23. Re3 Rfe8 24. Bg2 Rxe3 25. fxe3 Bxg2 26. Kxg2 Rd8 27. Ba3 Bxb2 28. Bxb2 Rd2+ 29. Kf3 Rxb2 30. h4 Kg8 31. e4 Kf7 32. Kf4 Kf6 33. Rc1 Rf2+ 34. Ke3 Ra2 35. Rc7 Rxa4 36. Rxb7 h6 37. h5 Ra5 38. Kf4 Rxh5 39. Rxa7 g5+ 40. Kf3 Rh1 41. Ra6+ Ke5 42. Ra5+ Kf6 43. Ra6+ Ke5 1/2-1/2

[Event "34rd NATO Championship 2024"]
[Site "Rhodes"]
[Date "2024.10.22"]
[Round "2.22"]
[White "Tikerpuu, Mati"]
[Black "Flaata, Alexander R."]
[Result "0-1"]
[ECO "A00"]
[WhiteElo "1933"]
[BlackElo "2040"]
[Annotator "RC"]
[PlyCount "92"]
[EventDate "2024.09.18"]
[EventType "swiss"]
[EventCountry "GRE"]
[SourceTitle "playchess.com"]
[Source "ChessBase"]
[SourceQuality "1"]
[TimeControl "5400+30"]

1. b4 e5 2. Bb2 Bxb4 3. Bxe5 Nf6 4. c4 O-O 5. Nf3 Re8 6. e3 d5 7. cxd5 Nxd5 8. Be2 c5 9. O-O Nc6 10. Bb2 Bg4 11. h3 Bh5 12. Qc2 Nf4 13. exf4 Rxe2 14. g4 Qd5 15. Kg2 Rae8 16. Nc3 Qxf3+ 17. Kxf3 Nd4+ 18. Kg2 Nxc2 19. Nxe2 Nxa1 20. Ng3 Bg6 21. f5 Nc2 22. fxg6 Ne1+ 23. Kh1 hxg6 24. Bc3 Nf3 25. Bxb4 cxb4 26. d3 a5 27. Ne4 b5 28. Rb1 f5 29. Nd6 Re1+ 30. Rxe1 Nxe1 31. d4 fxg4 32. hxg4 Nd3 33. Kg2 Nc1 34. Kf3 Nxa2 35. Nxb5 b3 36. Ke3 b2 37. Na3 Nc3 38. Kd3 b1=Q+ 39. Nxb1 Nxb1 40. Kc2 Na3+ 41. Kb3 Nb5 42. d5 Kf7 43. Ka4 Nc3+ 44. Kxa5 Nxd5 45. Kb5 Kf6 46. Kc5 Ke5 0-1

[Event "34rd NATO Championship 2024"]
[Site "Rhodes"]
[Date "2024.10.22"]
[Round "2.23"]
[White "Onley, David E"]
[Black "Hater, David"]
[Result "1-0"]
[ECO "C22"]
[WhiteElo "2040"]
[BlackElo "1922"]
[Annotator "RC"]
[PlyCount "41"]
[EventDate "2024.09.18"]
[EventType "swiss"]
[EventCountry "GRE"]
[SourceTitle "playchess.com"]
[Source "ChessBase"]
[SourceQuality "1"]
[TimeControl "5400+30"]

1. e4 e5 2. d4 exd4 3. Qxd4 Nc6 4. Qe3 Bb4+ 5. Nc3 Nge7 6. Bd2 O-O 7. O-O-O d6 8. f4 a6 9. Qg3 f5 10. e5 Qe8 11. Nf3 Ng6 12. Nd5 Bxd2+ 13. Rxd2 Qd8 14. Ng5 Bd7 15. Bc4 Kh8 16. e6 Be8 17. e7 Ncxe7 18. Nxh7 Bf7 19. Qh3 Kg8 20. Ng5 Re8 21. Nf6+ 1-0

[Event "34rd NATO Championship 2024"]
[Site "Rhodes"]
[Date "2024.10.22"]
[Round "2.24"]
[White "Tucker, David S"]
[Black "Hof - Van Run, Rieke"]
[Result "1/2-1/2"]
[ECO "B74"]
[WhiteElo "1921"]
[BlackElo "2038"]
[Annotator "RC"]
[PlyCount "66"]
[EventDate "2024.09.18"]
[EventType "swiss"]
[EventCountry "GRE"]
[SourceTitle "playchess.com"]
[Source "ChessBase"]
[SourceQuality "1"]
[TimeControl "5400+30"]

1. e4 c5 2. Nf3 Nc6 3. d4 cxd4 4. Nxd4 d6 5. Nc3 g6 6. Be2 Bg7 7. Be3 Nf6 8. O-O O-O 9. Nb3 a6 10. f4 Ne8 11. Qd2 b5 12. a3 Bb7 13. Bf3 Na5 14. Nxa5 Qxa5 15. Bd4 Rc8 16. Bxg7 Nxg7 17. Rf2 Qb6 18. Rc1 Rc5 19. Qe3 Qc7 20. Rd2 Rc8 21. Nd5 Bxd5 22. exd5 Nf5 23. Qf2 Rc4 24. g3 Qc5 25. Bg4 Kg7 26. Bxf5 gxf5 27. c3 a5 28. Re1 Kf6 29. Qe3 Re4 30. Qxc5 Rxe1+ 31. Kf2 Rxc5 32. Kxe1 a4 33. Ke2 h5 1/2-1/2

[Event "34rd NATO Championship 2024"]
[Site "Rhodes"]
[Date "2024.10.22"]
[Round "2.25"]
[White "Nielsen, Jan Mose"]
[Black "Kapsomenakis, Petros"]
[Result "1/2-1/2"]
[ECO "D15"]
[WhiteElo "2036"]
[BlackElo "1914"]
[Annotator "RC"]
[PlyCount "151"]
[EventDate "2024.09.18"]
[EventType "swiss"]
[EventCountry "GRE"]
[SourceTitle "playchess.com"]
[Source "ChessBase"]
[SourceQuality "1"]
[TimeControl "5400+30"]

1. d4 d5 2. Nf3 Nf6 3. Bg5 Bf5 4. e3 Nbd7 5. c4 c6 6. Nc3 e6 7. Bd3 Bg4 8. O-O Be7 9. a3 c5 10. dxc5 Nxc5 11. cxd5 Nxd3 12. Bxf6 Bxf6 13. Qa4+ Qd7 14. Qxg4 Nc5 15. Rad1 Bxc3 16. bxc3 O-O 17. dxe6 Qxe6 18. Qb4 b6 19. Rd4 Rac8 20. Rfd1 h6 21. h3 Rfe8 22. a4 Nb7 23. Rd7 Red8 24. Rxd8+ Rxd8 25. Nd4 Qc8 26. Rb1 Na5 27. Nb3 Rd5 28. Nxa5 Rxa5 29. Rd1 Rc5 30. Rd3 Qc6 31. Qf4 Qc8 32. Qb4 Qc6 33. Qb3 Qc7 34. g3 g6 35. Kh2 Kg7 36. Qb4 Rc4 37. Qb5 Rc6 38. Qd5 Kh7 39. Qf3 Kg7 40. Qg4 Rc4 41. Rd4 Rxc3 42. Rd7 Qc5 43. Rxa7 Rc2 44. Qf3 Qc4 45. Rd7 Qa2 46. Kg2 Rc5 47. Rd4 Rf5 48. Rf4 Ra5 49. Qc6 Qb2 50. Qd7 Qb3 51. Qd4+ Kg8 52. Qd7 Qd5+ 53. Qxd5 Rxd5 54. Rb4 Ra5 55. Kf3 Kf8 56. Ke2 Ke7 57. Kd3 Kd7 58. Kc3 Kc7 59. Rf4 f5 60. Kb4 Rd5 61. Rd4 Re5 62. Rh4 h5 63. Rc4+ Kb7 64. h4 Rd5 65. Rd4 Rc5 66. Rc4 Rd5 67. Kc3 Rd1 68. Rd4 Rf1 69. Rf4 Kc6 70. Kd2 Kd5 71. Ke2 Ra1 72. Rb4 Kc5 73. Rb5+ Kc6 74. Rb4 Kc5 75. Rd4 Rb1 76. Kd3 1/2-1/2

[Event "34rd NATO Championship 2024"]
[Site "Rhodes"]
[Date "2024.10.22"]
[Round "2.27"]
[White "Allmann, Lauri"]
[Black "Sauer, Marko"]
[Result "1/2-1/2"]
[ECO "A41"]
[WhiteElo "1852"]
[BlackElo "2086"]
[Annotator "RC"]
[PlyCount "39"]
[EventDate "2024.09.18"]
[EventType "swiss"]
[EventCountry "GRE"]
[SourceTitle "playchess.com"]
[Source "ChessBase"]
[SourceQuality "1"]
[TimeControl "5400+30"]

1. c4 e5 2. Nc3 Nc6 3. Nf3 d6 4. d4 exd4 5. Nxd4 Bd7 6. g3 Be7 7. Nd5 Nf6 8. Bg2 Nxd5 9. Nxc6 bxc6 10. cxd5 cxd5 11. Qxd5 Rb8 12. Qa5 Bf6 13. Rb1 O-O 14. O-O Re8 15. Re1 Rb5 16. Qd2 Qb8 17. b3 Qb6 18. Bb2 Bxb2 19. Rxb2 Bc6 20. Rc1 1/2-1/2

[Event "34rd NATO Championship 2024"]
[Site "Rhodes"]
[Date "2024.10.22"]
[Round "2.28"]
[White "Ross, David C"]
[Black "Fichtner, Ewald"]
[Result "0-1"]
[ECO "B11"]
[WhiteElo "1788"]
[BlackElo "2063"]
[Annotator "RC"]
[PlyCount "68"]
[EventDate "2024.09.18"]
[EventType "swiss"]
[EventCountry "GRE"]
[SourceTitle "playchess.com"]
[Source "ChessBase"]
[SourceQuality "1"]
[TimeControl "5400+30"]

1. e4 c6 2. Nc3 d5 3. Nf3 dxe4 4. Nxe4 Nf6 5. Qe2 Nxe4 6. Qxe4 Qd5 7. Qxd5 cxd5 8. d4 Nc6 9. Bb5 Bf5 10. c3 a6 11. Ba4 b5 12. Bb3 e6 13. Bf4 h6 14. h4 Be7 15. a3 O-O 16. O-O Na5 17. Ba2 Nc4 18. Bxc4 bxc4 19. Rad1 Ra7 20. Ne5 Bxh4 21. Bc1 Rb7 22. g4 Be4 23. f3 Bh7 24. Rd2 f6 25. Nc6 Rb6 26. Nb4 a5 27. Nc2 Bd3 28. Rfd1 Bg5 29. Ne1 Bxd2 30. Rxd2 Bg6 31. Ng2 f5 32. Nf4 Bh7 33. Re2 fxg4 34. fxg4 Be4 0-1

[Event "34rd NATO Championship 2024"]
[Site "Rhodes"]
[Date "2024.10.22"]
[Round "2.29"]
[White "Schott, Guido"]
[Black "Steen, Kris"]
[Result "1-0"]
[ECO "B30"]
[WhiteElo "2059"]
[BlackElo "1876"]
[Annotator "RC"]
[PlyCount "45"]
[EventDate "2024.09.18"]
[EventType "swiss"]
[EventCountry "GRE"]
[SourceTitle "playchess.com"]
[Source "ChessBase"]
[SourceQuality "1"]
[TimeControl "5400+30"]

1. e4 e6 2. d3 Be7 3. g3 c5 4. Bg2 Nc6 5. Nf3 d6 6. c3 Nf6 7. Nbd2 O-O 8. O-O d5 9. e5 Nd7 10. Re1 f6 11. exf6 Bxf6 12. Nf1 e5 13. h4 Nb6 14. a4 a5 15. Qb3 c4 16. dxc4 Nxc4 17. Ne3 Qb6 18. Qc2 Nxe3 19. Bxe3 Qc7 20. Ng5 e4 21. Qb3 h6 22. Qxd5+ Kh8 23. Qxe4 1-0

[Event "34rd NATO Championship 2024"]
[Site "Rhodes"]
[Date "2024.10.22"]
[Round "2.30"]
[White "Mihailov, Iulian"]
[Black "Filipow, Mateusz"]
[Result "1-0"]
[ECO "C45"]
[WhiteElo "2048"]
[BlackElo "1843"]
[Annotator "RC"]
[PlyCount "131"]
[EventDate "2024.09.18"]
[EventType "swiss"]
[EventCountry "GRE"]
[SourceTitle "playchess.com"]
[Source "ChessBase"]
[SourceQuality "1"]
[TimeControl "5400+30"]

1. e4 e5 2. Nf3 Nc6 3. d4 exd4 4. Nxd4 Nf6 5. Nxc6 dxc6 6. Qxd8+ Kxd8 7. Nc3 Be6 8. Bg5 h6 9. O-O-O+ Kc8 10. Bh4 g5 11. Bg3 Nh5 12. Be5 f6 13. Bd4 Be7 14. h4 g4 15. g3 b5 16. Bg2 Kb7 17. Rhe1 a6 18. Nd5 Bd8 19. Nb4 a5 20. Nd3 Be7 21. Bc5 Bd6 22. Bd4 Be7 23. Nc5+ Bxc5 24. Bxc5 Rad8 25. a3 Rxd1+ 26. Rxd1 Ng7 27. Be7 Nh5 28. Rd8 Rxd8 29. Bxd8 Kc8 30. Be7 Kd7 31. Bf8 a4 32. Kd2 f5 33. Bxh6 Nf6 34. exf5 Bxf5 35. Bf4 Nd5 36. Be5 Bg6 37. Bf1 Ke6 38. Bd4 Ne7 39. Bd3 Be8 40. Bc5 Nf5 41. Be2 Bh5 42. c4 bxc4 43. Bxc4+ Ke5 44. b3 axb3 45. Bxb3 Nd6 46. Ke2 Ne4 47. Be3 c5 48. Kd3 Bg6 49. Bf4+ Kf6 50. Ke3 Nc3 51. Bxc7 Nb5 52. Bd8+ Ke5 53. a4 Nd4 54. Bd1 Nf5+ 55. Kd2 Be8 56. a5 Nd4 57. a6 Bc6 58. Bxg4 Nb3+ 59. Kc3 Nd4 60. h5 Be4 61. h6 Nc6 62. Bb6 Nb4 63. Bxc5 Nxa6 64. Bd4+ Kd6 65. Be2 Nc7 66. Bd3 1-0

[Event "34rd NATO Championship 2024"]
[Site "Rhodes"]
[Date "2024.10.22"]
[Round "2.31"]
[White "Jeselson, Andrew"]
[Black "Aagaard, Gert"]
[Result "1-0"]
[ECO "B12"]
[WhiteElo "1858"]
[BlackElo "2029"]
[Annotator "RC"]
[PlyCount "65"]
[EventDate "2024.09.18"]
[EventType "swiss"]
[EventCountry "GRE"]
[SourceTitle "playchess.com"]
[Source "ChessBase"]
[SourceQuality "1"]
[TimeControl "5400+30"]

1. e4 c6 2. d4 d5 3. e5 Bf5 4. h4 Qb6 5. a4 a5 6. Ne2 Na6 7. Nf4 Bd7 8. c3 e6 9. Na3 c5 10. Nb5 cxd4 11. cxd4 Bb4+ 12. Bd2 Bxb5 13. Bxb5+ Kf8 14. Bc3 Ne7 15. Kf1 Ng6 16. Nd3 Bxc3 17. bxc3 Rc8 18. Qb3 Ne7 19. Qa3 f6 20. Rh3 Kf7 21. exf6 gxf6 22. Nf4 Ng6 23. Nh5 Qc7 24. Qc1 Qd6 25. Rf3 f5 26. Qg5 Qd8 27. Rxf5+ exf5 28. Qxf5+ Kg8 29. Bd7 Rc6 30. Qxd5+ Kf8 31. Bxc6 Qxh4 32. Qf5+ Ke7 33. Re1+ 1-0

[Event "34rd NATO Championship 2024"]
[Site "Rhodes"]
[Date "2024.10.22"]
[Round "2.32"]
[White "Nilsson, Erik"]
[Black "Van den Heuvel, Tonnie"]
[Result "1-0"]
[ECO "D36"]
[WhiteElo "2028"]
[BlackElo "1839"]
[Annotator "RC"]
[PlyCount "49"]
[EventDate "2024.09.18"]
[EventType "swiss"]
[EventCountry "GRE"]
[SourceTitle "playchess.com"]
[Source "ChessBase"]
[SourceQuality "1"]
[TimeControl "5400+30"]

1. d4 d5 2. c4 e6 3. Nc3 Nf6 4. cxd5 exd5 5. Bg5 Be7 6. e3 c6 7. Qc2 O-O 8. Bd3 Nbd7 9. Nge2 Re8 10. O-O Nf8 11. f3 Nh5 12. Bxe7 Qxe7 13. e4 dxe4 14. fxe4 Qg5 15. Rf2 Bg4 16. Raf1 Re7 17. Bc4 Ne6 18. d5 Bxe2 19. Qxe2 Nhf4 20. Qf3 cxd5 21. exd5 Rc8 22. Bb3 Nd4 23. Qxf4 Qxf4 24. Rxf4 Rxc3 25. Rxd4 1-0

[Event "34rd NATO Championship 2024"]
[Site "Rhodes"]
[Date "2024.10.22"]
[Round "2.33"]
[White "Brusokas, Eduardas"]
[Black "Ulusoy, Mustafa"]
[Result "1/2-1/2"]
[ECO "B12"]
[WhiteElo "1932"]
[BlackElo "1785"]
[Annotator "RC"]
[PlyCount "34"]
[EventDate "2024.09.18"]
[EventType "swiss"]
[EventCountry "GRE"]
[SourceTitle "playchess.com"]
[Source "ChessBase"]
[SourceQuality "1"]
[TimeControl "5400+30"]

1. e4 c6 2. d4 d5 3. e5 Bf5 4. Nf3 e6 5. Be2 h6 6. c3 Nd7 7. a4 a5 8. O-O Ne7 9. Nbd2 c5 10. Re1 Nc6 11. Bb5 Be7 12. Nf1 O-O 13. Ne3 Bh7 14. Bd3 Bxd3 15. Qxd3 cxd4 16. cxd4 Bb4 17. Bd2 Qb6 1/2-1/2

[Event "34rd NATO Championship 2024"]
[Site "Rhodes"]
[Date "2024.10.22"]
[Round "2.34"]
[White "Violini, Paolo"]
[Black "Hart, David P O"]
[Result "1/2-1/2"]
[ECO "B21"]
[WhiteElo "1949"]
[BlackElo "2003"]
[Annotator "RC"]
[PlyCount "87"]
[EventDate "2024.09.18"]
[EventType "swiss"]
[EventCountry "GRE"]
[SourceTitle "playchess.com"]
[Source "ChessBase"]
[SourceQuality "1"]
[TimeControl "5400+30"]

1. e4 c5 2. Nf3 Nc6 3. d4 cxd4 4. c3 dxc3 5. Nxc3 g6 6. Bc4 Bg7 7. e5 Nxe5 8. Nxe5 Bxe5 9. Bxf7+ Kxf7 10. Qd5+ e6 11. Qxe5 Qf6 12. Qe2 d5 13. Be3 Ne7 14. Rd1 Re8 15. Bd4 Qf4 16. g3 Qh6 17. Nb5 Rd8 18. Qe5 Nc6 19. Nd6+ Ke7 20. Nxc8+ Raxc8 21. Qf6+ Kd7 22. Qf7+ Ne7 23. Bg7 Qh3 24. Ke2 Qg2 25. Rc1 Qe4+ 26. Kd2 e5 27. Rhe1 Qd4+ 28. Ke2 Qxb2+ 29. Kf3 e4+ 30. Kg2 Qxc1 31. Rxc1 Rxc1 32. Bf6 Re8 33. Qxh7 Rc2 34. Bd4 Rxa2 35. h4 b5 36. g4 b4 37. Qg7 b3 38. Qe5 a5 39. Bc5 a4 40. Qd6+ Kc8 41. Qa6+ Kd7 42. Qd6+ Kc8 43. Qe6+ Kc7 44. Qb6+ 1/2-1/2

[Event "34rd NATO Championship 2024"]
[Site "Rhodes"]
[Date "2024.10.22"]
[Round "2.35"]
[White "Unruh, Charles M"]
[Black "Coulon, Dominic"]
[Result "1-0"]
[ECO "D11"]
[WhiteElo "1911"]
[BlackElo "1813"]
[Annotator "RC"]
[PlyCount "47"]
[EventDate "2024.09.18"]
[EventType "swiss"]
[EventCountry "GRE"]
[SourceTitle "playchess.com"]
[Source "ChessBase"]
[SourceQuality "1"]
[TimeControl "5400+30"]

1. Nf3 d5 2. g3 c6 3. Bg2 Bg4 4. d4 Nf6 5. O-O e6 6. c4 dxc4 7. Ne5 Nbd7 8. Nxg4 Nxg4 9. e4 Ngf6 10. Qe2 Nb6 11. Rd1 Be7 12. Nc3 O-O 13. Be3 Qc7 14. Bf4 Qc8 15. d5 exd5 16. exd5 Re8 17. dxc6 bxc6 18. Qc2 Bc5 19. Bd6 Bxd6 20. Rxd6 Rb8 21. Rxc6 Qg4 22. h3 Qg6 23. Ne4 Nxe4 24. Rxg6 1-0

[Event "34rd NATO Championship 2024"]
[Site "Rhodes"]
[Date "2024.10.22"]
[Round "2.36"]
[White "Stuhr, Finn"]
[Black "Van de Walle, Rob"]
[Result "0-1"]
[ECO "B20"]
[WhiteElo "1790"]
[BlackElo "1900"]
[Annotator "RC"]
[PlyCount "134"]
[EventDate "2024.09.18"]
[EventType "swiss"]
[EventCountry "GRE"]
[SourceTitle "playchess.com"]
[Source "ChessBase"]
[SourceQuality "1"]
[TimeControl "5400+30"]

1. e4 c5 2. Bc4 Nc6 3. Nc3 e6 4. Nf3 a6 5. a4 Nf6 6. Qe2 d6 7. d3 h6 8. O-O Be7 9. Bb3 O-O 10. Be3 Qc7 11. h3 Bd7 12. Qd2 Nh7 13. Rfe1 Rac8 14. Nd1 b5 15. axb5 axb5 16. c3 Ra8 17. Rc1 c4 18. Bc2 e5 19. Nh2 cxd3 20. Qxd3 Na5 21. f3 Rfc8 22. Ng4 h5 23. Nh2 Nf8 24. Nf1 Be6 25. Nd2 Qb7 26. Bf2 Nd7 27. Kh1 Nc4 28. Nb3 Ndb6 29. Rb1 Qc6 30. Bxb6 Qxb6 31. Ne3 Nxe3 32. Rxe3 Bg5 33. Ree1 Bc4 34. Qd1 Qf2 35. Rg1 Bf4 36. Qe1 Qxc2 37. Na1 Rxa1 38. Rxa1 Qxb2 39. g3 Bd2 40. Qd1 Bxc3 41. Rc1 Bd4 42. Rg2 Qb4 43. f4 g6 44. g4 hxg4 45. Qxg4 Rf8 46. f5 Kg7 47. Qh5 Rg8 48. Qg5 Qa3 49. Rg3 Qa8 50. Rg4 d5 51. Qe7 Qd8 52. f6+ Kh6 53. Qxf7 Be3 54. Rh4+ Kg5 55. Rg4+ Kh5 56. Qh7+ Bh6 57. Rcg1 g5 58. Qf5 Qc8 59. Qxe5 Be2 60. R4g3 dxe4 61. h4 Bf3+ 62. Kh2 Qc2+ 63. Kh3 Qc8+ 64. Kh2 Kxh4 65. f7 Rg6 66. Rxf3 exf3 67. Qe4+ Kh5 0-1

[Event "34rd NATO Championship 2024"]
[Site "Rhodes"]
[Date "2024.10.22"]
[Round "2.37"]
[White "Kruit, Erik"]
[Black "Echavarria Hidalgo, Fernando"]
[Result "1-0"]
[ECO "B92"]
[WhiteElo "1899"]
[BlackElo "1802"]
[Annotator "NA RC"]
[PlyCount "103"]
[EventDate "2024.09.18"]
[EventType "swiss"]
[EventCountry "GRE"]
[SourceTitle "playchess.com"]
[Source "ChessBase"]
[SourceQuality "1"]
[TimeControl "5400+30"]

1. e4 c5 2. Nf3 d6 3. d4 cxd4 4. Nxd4 Nf6 5. Nc3 a6 6. f3 e5 7. Nb3 Be6 8. Be3 Be7 9. Be2 O-O {[%emt 0:00:13] B92: Sizilianisch (Najdorf-Variante mit 6.Le2).} 10. h4 d5 11. exd5 Nxd5 12. Bf2 Nxc3 13. bxc3 Qc7 14. Qd3 Rc8 15. O-O Qxc3 16. Qe4 Qc7 (16... Qxc2 $2 {loses.} 17. Bd3 f5 18. Qxe5 $18) (16... f5 $19 17. Qxb7 Nd7) 17. c4 (17. Rfe1 $17) 17... Nd7 (17... Bxc4 $2 {loses.} 18. Rac1 $18) 18. Rac1 Nc5 19. Qb1 Rd8 20. Kh1 Rac8 21. Bg3 f5 22. Nxc5 Bxc5 23. Bd3 Qd7 $19 24. Rfd1 Bd4 25. f4 Rc6 26. c5 e4 27. Bxe4 fxe4 28. Bf2 Qe7 29. Bxd4 Qxh4+ 30. Kg1 Bc8 31. Qxe4 Rh6 32. Re1 Qh1+ 33. Kf2 Qh4+ 34. Ke3 Re6 35. Be5 Qg3+ 36. Qf3 Qg6 37. Red1 Qe8 38. Rxd8 Qxd8 39. Rd1 Qe8 40. Kf2 Rc6 41. Bd6 Qe6 42. Rd2 Bd7 43. Re2 Qf5 44. Qb3+ Kh8 45. Qxb7 h6 46. Qb2 Kh7 47. Re7 Qg4 48. Qb7 Qh4+ 49. Kg1 Rxd6 50. cxd6 Qxf4 51. Qe4+ Qf5 52. Qxf5+ 1-0

[Event "34rd NATO Championship 2024"]
[Site "Rhodes"]
[Date "2024.10.22"]
[Round "2.38"]
[White "Farrell, John"]
[Black "Papler, Peter"]
[Result "1/2-1/2"]
[ECO "A22"]
[WhiteElo "1898"]
[BlackElo "1780"]
[Annotator "NA RC"]
[PlyCount "108"]
[EventDate "2024.09.18"]
[EventType "swiss"]
[EventCountry "GRE"]
[SourceTitle "playchess.com"]
[Source "ChessBase"]
[SourceQuality "1"]
[TimeControl "5400+30"]

1. c4 d6 2. g3 Nf6 3. Bg2 c6 4. Nc3 Qc7 5. d4 e5 6. e4 Be7 7. Nge2 {[%emt 0:00:43] A22: English Opening: 1...e5 2 Nc3 Nf6.} O-O 8. O-O Be6 9. d5 Bd7 10. h3 Na6 11. Be3 Rad8 12. Kh2 c5 13. f4 Rfe8 14. f5 Qb8 15. g4 Kh8 16. Ng3 Nc7 17. g5 Ng8 18. Nh5 f6 19. g6 h6 20. Qd2 Bf8 21. Rf3 Re7 22. Rg3 Ne8 23. Rg4 b5 24. Rh4 bxc4 25. Rg1 Qb6 26. Bf1 Rb8 27. Rg2 ({Don't do} 27. Bxc4 $6 Qxb2 28. Rb1 Qxd2+ 29. Bxd2 Rb4 30. Rxb4 cxb4 $16) 27... Bc8 28. Ng3 Ba6 29. Nh1 Reb7 {[%emt 0:00:23] [#]} 30. Qc1 $1 Qc7 31. Rc2 Qa5 32. Nf2 Rb4 33. Ng4 Qb6 34. Bxh6 gxh6 35. Nxh6 Nxh6 36. Rxh6+ Kg8 37. Nd1 Rb7 38. Rh4 {[%emt 0:01:22] [#]} c3 $19 39. b3 Bxf1 40. Nxc3 Ba6 41. Qd1 Qc7 42. Rg2 Bg7 43. Rh7 Qa5 44. h4 Rd4 45. Qc1 Qb4 46. h5 Rxe4 47. Nxe4 Qxe4 48. h6 Qxf5 49. hxg7 Rxg7 50. Rxg7+ Kxg7 51. Qa3 Qh5+ 52. Kg1 Qd1+ 53. Kh2 Qh5+ 54. Kg1 Qd1+ 1/2-1/2

[Event "34rd NATO Championship 2024"]
[Site "Rhodes"]
[Date "2024.10.22"]
[Round "2.39"]
[White "Kries, Yvon"]
[Black "Heran-Boily, Samuel"]
[Result "1/2-1/2"]
[ECO "D00"]
[WhiteElo "1765"]
[BlackElo "1898"]
[Annotator "NA RC"]
[PlyCount "53"]
[EventDate "2024.09.18"]
[EventType "swiss"]
[EventCountry "GRE"]
[SourceTitle "playchess.com"]
[Source "ChessBase"]
[SourceQuality "1"]
[TimeControl "5400+30"]

1. d4 d5 2. Nc3 Nf6 3. Bf4 a6 4. Nf3 b5 5. e3 e6 6. Bd3 {[%emt 0:01:36] D00: 1 d4 d5: Unusual lines.} Bb7 7. O-O c5 8. dxc5 Bxc5 9. Qe2 Nbd7 10. Rab1 Rc8 11. Ne5 O-O 12. Rfd1 Bb4 (12... Be7 $15) 13. a4 Bxc3 14. bxc3 Nc5 15. axb5 Na4 $2 (15... Nfe4 $11 {and Black stays safe.} 16. bxa6 Ba8) 16. Qe1 Nxc3 17. bxa6 Ba8 18. Rb3 Nxd1 19. Qxd1 Qa5 (19... Ne4 $1 $11) 20. h4 $11 (20. h3 $16) 20... Ne4 21. Nd7 Rfd8 22. Nb6 Rc6 23. Bxe4 Rxb6 24. Bc7 Rdd6 25. Bxb6 Rxb6 26. Rxb6 Qxb6 27. Bd3 1/2-1/2

[Event "34rd NATO Championship 2024"]
[Site "Rhodes"]
[Date "2024.10.22"]
[Round "2.40"]
[White "Woolf, Ben"]
[Black "Rosseel, Kimball"]
[Result "1/2-1/2"]
[ECO "B20"]
[WhiteElo "1747"]
[BlackElo "1896"]
[Annotator "NA RC"]
[PlyCount "50"]
[EventDate "2024.09.18"]
[EventType "swiss"]
[EventCountry "GRE"]
[SourceTitle "playchess.com"]
[Source "ChessBase"]
[SourceQuality "1"]
[TimeControl "5400+30"]

1. e4 e6 2. b3 d5 3. Bb2 c5 4. Bb5+ Nc6 5. exd5 exd5 6. Nf3 Nf6 7. O-O Be7 8. d3 O-O 9. Bxc6 bxc6 10. Nbd2 h6 11. Re1 Be6 12. Re2 Nd7 13. Qe1 Bf6 14. Bxf6 Qxf6 15. a4 Rae8 16. Rb1 g5 17. h3 h5 18. Re3 $11 (18. Nf1 $14) 18... Kh7 19. Qe2 g4 20. Ne5 Nxe5 21. Rxe5 Qg6 22. h4 Bd7 23. Kf1 Re6 24. Rxe6 fxe6 25. g3 Qf6 1/2-1/2

[Event "34rd NATO Championship 2024"]
[Site "Rhodes"]
[Date "2024.10.22"]
[Round "2.41"]
[White "Skaburskis, Martynas"]
[Black "Hater, Andrew"]
[Result "1-0"]
[ECO "D02"]
[WhiteElo "1893"]
[BlackElo "1767"]
[Annotator "NA RC"]
[PlyCount "83"]
[EventDate "2024.09.18"]
[EventType "swiss"]
[EventCountry "GRE"]
[SourceTitle "playchess.com"]
[Source "ChessBase"]
[SourceQuality "1"]
[TimeControl "5400+30"]

1. d4 d5 2. Bf4 Nf6 3. Nf3 Bf5 4. e3 e6 5. Bd3 Ne4 6. c3 {[%emt 0:05:19] D02: 1 d4 d5 2 Nf3 sidelines, including 2...Nf6 3 g3 and 2...Nf6 3 Bf4.} Bd6 7. Bg3 O-O 8. Qc2 c5 9. Nbd2 Nxd2 10. Qxd2 Bxd3 11. Qxd3 c4 12. Qc2 Nc6 13. e4 h6 14. O-O Bxg3 15. hxg3 Qc7 16. exd5 exd5 17. Rfe1 Rfe8 18. Qf5 Ne7 19. Qh5 Qb6 (19... Qd7 $11 {should be considered.}) 20. Re2 $11 Qg6 21. Qxg6 Nxg6 22. Rae1 Kf8 23. Ne5 Nxe5 24. dxe5 Rad8 25. Rd1 Re7 26. f4 Red7 27. Rd4 b5 28. Kf2 a5 29. Ke3 b4 30. Rdd2 Ke7 31. g4 f6 32. Kd4 bxc3 33. bxc3 fxe5+ 34. Rxe5+ Kf6 35. Rb2 Re7 36. Rxe7 Kxe7 37. Rb5 Rd6 38. Rxd5 Rg6 39. g5 hxg5 40. Rxg5 Rf6 41. Rxg7+ Kf8 42. Rg4 1-0